Map: Rhoskallian LE

Players

Massa - Winner!

  • Race: Terran Terran
  • League: Platinum
  • Spawn Location: 5:00

qqq - Winner!

  • Race: Zerg Zerg
  • Spawn Location: 6:00

ШеФутинский

  • Race: Protoss Protoss
  • League: Diamond
  • Spawn Location: 12:00

vita

  • Race: Zerg Zerg
  • League: Diamond
  • Spawn Location: 11:00

VOD

Have the link to the VOD?

Description

Time

  • Played on: Feb. 22, 2021, 2:44 p.m.
  • Length: 12:04
Show
View Real Time Build Order
Export as new Build Order

Massa Terran - Winner!

Build Orders:  

Get SALT Encoding   

  12  0:00  SCV  
  13  0:12  SCV  
  14  0:21  Supply Depot  
  14  0:24  SCV  
  16  0:42  SCV  
  16  0:44  Barracks  
  16  0:48  Refinery  
  16  0:55  SCV  
  17  1:07  SCV  
  18  1:23  Barracks  
  18  1:26  Barracks  
  18  1:31  Orbital Command  
  18  1:36  Marine  
  19  1:47  Supply Depot  
  19  1:54  Marine  
  19  1:59  SCV  
  21  2:13  Marine  
  21  2:14  Marine, Supply Depot  
  23  2:21  SCV  
  24  2:44  Marine  
  24  2:45  Marine  
  24  2:48  Barracks Tech Lab  
  24  2:51  Supply Depot  
  26  2:52  Supply Depot  
  26  2:53  SCV  
  27  3:02  Marine x2  
  27  3:05  Engineering Bay  
  29  3:08  Marine, Stimpack  
  30  3:20  Marine x2  
  30  3:26  Marine  
  33  3:38  Marine x2  
  33  3:48  Marauder  
  33  3:55  Marine  
  33  3:56  Marine  
  35  4:02  Missile Turret  
  35  4:09  Marine  
  36  4:13  Marine  
  36  4:14  Marine  
  36  4:16  Command Center  
  38  4:18  Terran Infantry Weapons Level 1  
  38  4:27  Marine  
  38  4:28  SCV  
  40  4:31  Marine x2  
  39  4:47  Combat Shield  
  39  4:48  Marauder  
  39  4:49  Marine x2  
  31  5:16  Marine x3  
  34  5:23  SCV  
  34  5:28  Orbital Command  
  35  5:32  Factory  
  35  5:34  Marine x2  
  35  5:35  SCV  
  38  5:38  Command Center  
  38  5:47  SCV  
  39  5:56  Barracks Tech Lab  
  39  5:59  SCV  
  40  6:06  SCV, Concussive Shells  
  40  6:11  SCV  
  42  6:12  Barracks  
  42  6:14  Supply Depot  
  42  6:15  Barracks Reactor  
  42  6:17  Marauder x2  
  46  6:19  SCV  
  46  6:23  Factory Tech Lab, SCV  
  48  6:28  Terran Infantry Armor Level 1  
  48  6:31  SCV  
  49  6:35  SCV  
  50  6:42  Marine x2  
  50  6:43  SCV  
  53  6:50  Orbital Command  
  53  6:52  SCV  
  54  6:55  SCV, Cyclone  
  54  6:58  Marine x2  
  54  7:00  Marine x2  
  62  7:04  SCV  
  62  7:05  Refinery  
  62  7:06  Refinery  
  62  7:07  SCV  
  64  7:11  Barracks Reactor  
  64  7:16  Refinery  
  64  7:17  SCV x2  
  64  7:18  Marauder  
  68  7:26  SCV  
  68  7:29  SCV x2  
  71  7:35  Armory  
  71  7:41  Supply Depot  
  71  7:42  Supply Depot  
  71  7:43  Supply Depot  
  71  7:44  Marine x4  
  71  7:45  Supply Depot  
  75  7:57  Siege Tank  
  78  8:02  Marine x2  
  78  8:03  Engineering Bay  
  80  8:13  Orbital Command  
  79  8:26  Starport, Terran Vehicle And Ship Armor Level 1  
  79  8:30  Missile Turret  
  79  8:32  Missile Turret x2  
  79  8:43  Thor  
  85  9:07  Marine, Missile Turret  
  85  9:08  Marauder x2, Marine x3, Missile Turret  
  93  9:19  Medivac  
  95  9:25  Marine  
  81  9:47  Marine  
  81  9:48  Marauder x2, Marine x3  
  81  9:49  Medivac  
  73  9:56  Thor  
  75  10:01  SCV x3  
  75  10:05  Marine x2  
  75  10:06  Marine x2  
  82  10:09  Marine  
  82  10:11  Smart Servos  
  82  10:12  Barracks  
  82  10:13  SCV x3  
  86  10:16  Barracks  
  86  10:17  Barracks  
  86  10:25  SCV x2  
  88  10:34  SCV  
  88  10:37  SCV x2  
  87  10:46  SCV  
  87  10:48  Starport Reactor  
  88  10:52  SCV x2  
  88  10:57  Supply Depot  
  90  10:58  SCV  
  91  11:04  SCV x2  
  91  11:06  Thor  
  91  11:07  Marauder x2, Marine x2  
  91  11:08  Marine x2  
  91  11:10  SCV, Barracks Tech Lab  
  91  11:11  Barracks Reactor x2  
  108  11:20  Supply Depot  
Show
View Real Time Build Order
Export as new Build Order

qqq Zerg - Winner!

Build Orders: Hatch First 

Get SALT Encoding   

  12  0:02  Drone  
  13  0:10  Drone  
  14  0:19  Overlord  
  14  0:48  Drone  
  15  0:53  Drone  
  15  0:55  Hatchery  
  15  0:58  Drone  
  16  1:19  Spawning Pool  
  16  1:24  Extractor  
  16  1:25  Drone x2  
  16  1:28  Drone  
  17  1:37  Drone  
  18  1:47  Drone  
  19  2:10  Zergling x4  
  19  2:11  Zergling x2  
  22  2:16  Queen  
  22  2:17  Queen  
  22  2:19  Overlord  
  22  2:22  Zergling x2  
  26  2:39  Metabolic Boost  
  26  2:45  Drone x2, Baneling Nest  
  26  2:46  Drone  
  26  2:50  Drone  
  29  2:56  Drone  
  30  2:58  Drone  
  31  3:07  Overlord  
  31  3:09  Drone  
  32  3:22  Zergling x4  
  32  3:23  Zergling x2  
  35  3:28  Zergling x2  
  35  3:30  Baneling x3  
  35  3:31  Baneling x2  
  36  3:34  Zergling x2  
  36  3:35  Zergling x4  
  36  3:36  Zergling x2  
  36  3:38  Drone  
  39  3:49  Zergling x2  
  39  3:50  Zergling x4  
  39  3:55  Spore Crawler  
  41  3:57  Drone  
  41  4:01  Zergling x2  
  43  4:09  Overlord x2  
  43  4:14  Lair  
  43  4:21  Overlord  
  36  4:57  Zergling x8  
  36  4:58  Zergling x4  
  37  5:07  Drone x7  
  42  5:15  Spore Crawler  
  42  5:18  Drone  
  42  5:20  Drone  
  42  5:21  Drone x2  
  45  5:23  Extractor  
  45  5:28  Drone, Hatchery  
  44  5:36  Drone, Spire  
  44  5:41  Queen  
  46  5:44  Drone  
  46  5:46  Drone  
  46  5:47  Drone  
  49  5:50  Drone  
  49  5:52  Drone  
  49  5:54  Drone  
  49  5:55  Drone  
  53  5:57  Drone  
  54  6:06  Zergling x8  
  54  6:08  Zergling x2  
  59  6:11  Extractor  
  59  6:12  Extractor  
  57  6:23  Spore Crawler  
  57  6:24  Zergling x2  
  57  6:25  Zergling x2  
  58  6:32  Zergling x2  
  59  6:35  Drone  
  60  6:46  Drone x4  
  64  6:53  Mutalisk  
  66  6:54  Overlord x2  
  66  6:55  Overlord  
  66  7:04  Queen  
  64  7:10  Drone  
  64  7:13  Drone x4  
  64  7:15  Mutalisk  
  71  7:24  Drone  
  71  7:26  Mutalisk  
  71  7:29  Mutalisk, Zerg Flyer Weapons Level 1  
  76  7:30  Mutalisk  
  76  7:34  Spore Crawler  
  77  7:44  Mutalisk  
  77  7:45  Mutalisk x2  
  77  7:46  Corruptor  
  77  7:50  Corruptor  
  87  8:00  Drone  
  88  8:07  Mutalisk  
  88  8:10  Overlord x4  
  76  8:34  Infestation Pit  
  76  8:37  Mutalisk x2  
  76  8:38  Mutalisk  
  77  8:48  Mutalisk  
  77  8:51  Drone x2  
  77  8:52  Drone  
  78  9:05  Drone  
  78  9:09  Spore Crawler  
  78  9:11  Spore Crawler  
  78  9:16  Drone x2  
  79  9:28  Hive  
  79  9:29  Zerg Flyer Armor Level 1  
  79  9:35  Hatchery  
  78  9:42  Mutalisk x2, Corruptor  
  78  9:44  Drone x3  
  87  10:08  Mutalisk x3  
  87  10:09  Zergling x4  
  87  10:10  Drone  
  87  10:11  Drone  
  95  10:43  Corruptor x3  
  95  10:45  Drone x3  
  104  11:03  Drone  
  105  11:06  Drone x2  
  105  11:07  Drone  
  105  11:10  Corruptor x3  
  114  11:12  Drone  
  114  11:18  Extractor x2  
  114  11:22  Viper  
  114  11:23  Zergling x4  
  114  11:24  Drone x2  
  98  11:51  Drone x5  
Show
View Real Time Build Order
Export as new Build Order

ШеФутинский Protoss 

Build Orders: 1 Gate Expand 

Get SALT Encoding   

  12  0:00  Probe  
  13  0:12  Probe  
  14  0:18  Pylon  
  14  0:25  Probe  
  15  0:37  Probe  
  15  0:38  Gateway  
  16  0:49  Probe  
  17  1:01  Probe  
  18  1:12  Nexus  
  18  1:22  Assimilator  
  18  1:27  Cybernetics Core  
  18  1:29  Probe  
  19  1:40  Pylon  
  19  1:44  Probe (Chrono Boost)  
  19  1:47  Assimilator  
  20  1:56  Probe (Chrono Boost), Pylon  
  21  2:03  Probe (Chrono Boost)  
  21  2:04  Adept  
  24  2:11  Probe  
  25  2:21  Gateway  
  25  2:24  Probe  
  26  2:31  Gateway  
  26  2:33  Probe  
  27  2:40  Probe  
  28  2:46  Probe  
  28  2:47  Shield Battery  
  29  2:57  Stargate  
  29  3:00  Probe (Chrono Boost)  
  29  3:03  Probe (Chrono Boost)  
  31  3:10  Probe (Chrono Boost)  
  31  3:11  Probe (Chrono Boost)  
  33  3:14  Probe (Chrono Boost)  
  33  3:15  Adept  
  33  3:18  Probe  
  37  3:25  Probe  
  37  3:26  Adept  
  40  3:30  Probe  
  41  3:37  Assimilator  
  41  3:38  Probe  
  42  3:42  Probe  
  42  3:44  Void Ray  
  43  3:49  Stalker, Sentry  
  51  3:58  Stalker  
  51  3:59  Probe  
  54  4:03  Assimilator  
  54  4:08  Pylon  
  54  4:12  Pylon, Shield Battery  
  54  4:25  Stargate  
  54  4:26  Probe x2  
  56  4:38  Probe x2  
  58  4:42  Void Ray  
  58  4:50  Probe, Adept x3  
  65  5:21  Probe  
  65  5:25  Void Ray  
  65  5:27  Shield Battery  
  66  5:31  Gateway, Pylon  
  66  5:35  Pylon  
  70  5:43  Void Ray  
  70  5:49  Probe  
  75  6:00  Fleet Beacon  
  75  6:02  Cybernetics Core  
  75  6:06  Nexus  
  75  6:07  Adept x3  
  75  6:10  Pylon  
  81  6:13  Pylon, Protoss Air Weapons Level 1 (Chrono Boost)  
  81  6:22  Void Ray  
  81  6:23  Void Ray  
  89  6:34  Shield Battery  
  89  6:37  Shield Battery  
  89  6:39  Shield Battery  
  89  6:41  Forge  
  89  6:46  Flux Vanes  
  89  6:47  Assimilator  
  89  6:49  Protoss Air Armor Level 1 (Chrono Boost)  
  89  6:50  Probe x2  
  89  6:52  Assimilator  
  91  7:02  Probe x2  
  91  7:07  Void Ray x2  
  101  7:17  Adept  
  101  7:21  Pylon  
  103  7:23  Pylon  
  103  7:25  Pylon  
  103  7:43  Photon Cannon  
  103  7:47  Probe x2, Shield Battery  
  103  7:48  Probe, Pylon  
  106  7:51  Pylon  
  106  7:54  Photon Cannon  
  106  7:59  Probe  
  106  8:00  Probe  
  108  8:11  Adept  
  108  8:12  Adept x2  
  102  8:37  Carrier x2 (Chrono Boost)  
  94  8:57  Stargate  
  94  9:01  Stargate  
  94  9:03  Shield Battery, Pylon  
  94  9:05  Probe  
  94  9:06  Probe x2  
  97  9:16  Zealot x3  
  103  9:17  Probe  
  103  9:18  Probe  
  103  9:21  Protoss Air Weapons Level 2 (Chrono Boost)  
  103  9:22  Twilight Council  
  105  9:29  Protoss Shields Level 1  
  102  9:43  Zealot  
  102  9:44  Carrier  
  92  10:01  Carrier  
  92  10:11  Photon Cannon  
  92  10:12  Photon Cannon  
  92  10:13  Probe  
  93  10:14  Shield Battery  
  93  10:15  Photon Cannon  
  93  10:25  Probe  
  93  10:26  Stalker  
  96  10:31  Phoenix x2  
  98  10:37  Photon Cannon  
  94  11:03  Phoenix x3  
  99  11:08  Pylon  
  99  11:09  Shield Battery  
  99  11:11  Shield Battery  
  99  11:14  Shield Battery  
  105  11:27  Probe  
  105  11:28  Probe x2  
  96  11:39  Probe  
Show
View Real Time Build Order
Export as new Build Order

vita Zerg 

Build Orders: Pool First, Muta Ling Bane 

Get SALT Encoding   

  12  0:02  Drone  
  13  0:08  Drone  
  14  0:16  Extractor, Drone  
  14  0:35  Spawning Pool  
  14  0:38  Drone  
  14  0:47  Overlord  
  14  1:06  Drone x2  
  16  1:22  Zergling x4  
  18  1:27  Zergling x2  
  18  1:31  Metabolic Boost  
  19  1:39  Zergling x2  
  20  1:55  Zergling x2  
  20  2:00  Zergling x2  
  22  2:03  Hatchery  
  21  2:15  Zergling x2  
  22  2:31  Overlord  
  22  2:37  Baneling Nest  
  22  2:38  Drone  
  22  2:57  Overlord x2  
  22  3:20  Drone x2  
  22  3:25  Baneling  
  22  3:26  Baneling x2  
  24  3:34  Drone x3  
  27  3:35  Queen  
  27  3:36  Queen  
  25  3:54  Drone x4  
  29  4:14  Zergling x8  
  33  4:18  Baneling x2  
  33  4:21  Drone x2  
  35  4:48  Baneling  
  35  4:49  Baneling  
  33  5:00  Zergling x6  
  34  5:11  Drone  
  34  5:12  Overlord x2  
  35  5:23  Lair  
  35  5:27  Extractor  
  35  5:28  Drone  
  35  5:36  Drone x6  
  35  5:38  Queen  
  43  5:54  Hatchery  
  43  5:56  Drone  
  43  5:59  Extractor x2  
  41  6:05  Drone x2  
  41  6:06  Overlord x2  
  43  6:18  Overlord  
  43  6:19  Overlord  
  43  6:24  Queen  
  45  6:30  Drone x9  
  45  6:32  Queen  
  56  6:47  Spire  
  56  6:50  Centrifical Hooks  
  56  6:52  Evolution Chamber  
  56  6:54  Evolution Chamber  
  53  7:06  Drone x5  
  53  7:07  Drone x3  
  61  7:21  Drone x6  
  67  7:24  Queen  
  67  7:26  Queen  
  67  7:28  Overlord  
  71  7:59  Mutalisk x9  
  71  8:03  Extractor  
  71  8:04  Queen  
  71  8:05  Extractor  
  89  8:14  Baneling  
  89  8:15  Baneling x4  
  79  8:29  Drone x11  
  84  8:37  Drone x4  
  88  8:47  Overlord  
  88  8:48  Overlord x2  
  88  8:51  Drone  
  85  9:03  Mutalisk x2  
  89  9:11  Mutalisk x5  
  89  9:12  Overlord  
  99  9:20  Drone x2  
  99  9:24  Zergling x2  
  99  9:25  Zergling x6  
  101  9:31  Zergling x2  
  101  9:32  Zergling x6  
  101  9:36  Zergling x4  
  93  9:50  Mutalisk x3  
  93  9:51  Mutalisk x3  
  94  9:58  Mutalisk  
  96  10:09  Mutalisk x2  
  95  10:16  Mutalisk  
  86  10:22  Mutalisk  
  80  10:37  Mutalisk x2  
  80  10:47  Drone x10  
  88  11:03  Mutalisk x3  
  93  11:20  Drone x6  
  91  11:45  Zergling x12  
Tags
 
Add a new tag
Caveats
  • Supply blocks, unpowered buildings, or Contaminate may cause inaccurate times.
  • Supply counts are checked every 10 seconds.